 Dungeon Crawl Stone Soup version 0.26-a0-466-g989023bd0d (webtiles) character file.

Game seed: 11697318884960223695

441 KristoblXynda the Conjurer (level 6, -3/45 HPs)
             Began as a Draconian Conjurer on July 30, 2020.
             Was an Initiate of Ashenzari.
             Blown up by Pikel (32 damage)
             ... with a disintegration bolt
             ... on level 4 of the Dungeon.
             The game lasted 00:07:39 (4584 turns).

KristoblXynda the Conjurer (Draconian Conjurer)     Turns: 4584, Time: 00:07:39

Health: -3/45      AC:  9    Str: 10    XL:     6   Next: 70%
Magic:  11/11      EV: 13    Int: 20    God:    Ashenzari [......]
Gold:   190        SH:  0    Dex:  9    Spells: 7/12 levels left

rFire    + . .     SeeInvis .   r - +3 falchion (holy)
rCold    . . .     Faith    .   (no shield)
rNeg     + . .     Spirit   .   (armour unavailable)
rPois    +         Reflect  .   (helmet restricted)
rElec    .         Harm     .   c - +2 cloak {rPois} (curse)
rCorr    .                      (no gloves)
MR       .....                  (no boots)
Stlth    ++........             (no amulet)
HPRegen  0.15/turn              k - ring of positive energy
MPRegen  0.12/turn              m - ring of protection from fire

@: no status effects
A: unfitting armour, cold-blooded, AC +6
a: Curse Item, Renounce Religion


You were on level 4 of the Dungeon.
You worshipped Ashenzari.
Ashenzari was noncommittal.
You visited 1 branch of the dungeon, and saw 4 of its levels.

You collected 190 gold pieces.

Inventory:

Hand Weapons
 q - a +0 long sword
 r - a +3 falchion of holy wrath (weapon)
Armour
 c - a cursed +2 cloak of poison resistance (worn)
Jewellery
 k - a ring of positive energy (left hand)
 m - a ring of protection from fire (right hand)
Wands
 h - a wand of paralysis (4)
 l - a wand of digging (3)
Scrolls
 a - 3 scrolls of blinking
 b - a scroll of magic mapping
 d - a scroll of enchant weapon
 e - a scroll of fear {unknown}
 f - a scroll of teleportation {unknown}
 g - 4 scrolls of remove curse
 t - a scroll of identify
Potions
 i - 5 potions of curing
 j - a potion of ambrosia
 n - 2 potions of heal wounds
 o - a potion of stabbing {unknown}
 p - a potion of magic
 s - a potion of haste {unknown}
 u - a potion of mutation {unknown}


   Skills:
 + Level 2.4 Long Blades
 + Level 3.6 Dodging
 - Level 2.0 Stealth
 + Level 3.8 Spellcasting
 + Level 5.4 Conjurations


You had 7 spell levels left.
You knew the following spells:

 Your Spells              Type           Power        Failure   Level
a - Magic Dart            Conj           ####         1%          1
b - Iskenderun's Mystic   Conj/Tloc      ##......     38%         4

Your spell library contained the following spells:

 Spells                   Type           Power        Failure   Level
 Searing Ray              Conj           ####..       1%          2
 Dazzling Flash           Conj/Hex       ##....       13%         3
 Fulminant Prism          Conj/Hex       ##........   38%         4


Dungeon Overview and Level Annotations

Branches:
Dungeon (4/15)
 Temple: D:4-7

Altars:
Ashenzari
Nemelex Xobeh

Annotations:
D:3 2 transporters, DarthBeliar's ghost, amateur GrFi
D:4 Natasha; Pikel


Innate Abilities, Weirdness & Mutations

Your plain brown scales are hard. (AC +6)
You cannot fit into any form of body armour.
You are cold-blooded and may be slowed by cold attacks.


Message History

Unknown command.
The lemure misses you.
You completely miss the lemure. The lemure hits you.
You hit the lemure.
The lemure convulses.
Your tail-slap misses the lemure.
The lemure is moderately wounded.
The lemure hits you.
You closely miss Pikel.
Pikel hits you with a +2 whip of freezing.
You feel yourself slow down. Pikel freezes you.
The lemure shouts!
You hit Pikel.
Pikel is lightly wounded.
Pikel completely misses you.
The lemure shouts!
You hit Pikel but do no damage.
Your tail-slap misses Pikel.
Pikel is lightly wounded.
You feel yourself speed up.
Pikel zaps a wand.
You are blasted!
Ouch! That really hurt!
You die...

#....#,,,,,,* *,* *,
#....+,,,,**###+######*********,
##....#***** *..5..#..,,,,,,,,,,,
......# *,5K..#.#***********
......# *,,5....# ......#
*,,,)(..#
##....#######***++.5$#***********
#.#####....######5..#,,,,,,,,,,,
##.#####.#......@K5.##,*********,
##.......##########.#*,* *,
########.......,,*,..#,* *,
#******#.######*,*,###,*** *,
+,,,,,,...,,,,,,,,,,,,>,,* *,
#**,***####*,*,*,*<,,,**,* *, #
*,**** *,*,*,*,*****,*******,
*,,,,* *,*,,,,,,,,,,,*,,,,,,,
###.,,,*****,*,*,*,*******,******


You could see Pikel and 3 lemures.

Vanquished Creatures
  An ogre (D:4)
  A bullfrog skeleton (D:4)
  A hound (D:4)
  An orc wizard (D:4)
  Ijyb (D:4)
  Natasha (twice) (D:4)
  A hound skeleton (D:4)
  Robin (D:4)
  9 adders
  An ufetubus (D:2)
  An adder skeleton (D:4)
  2 worms (D:2)
  A dart slug (D:3)
  A leopard gecko (D:4)
  3 orcs (D:4)
  7 giant cockroaches
  10 goblins
  7 hobgoblins
  5 jackals
  2 quokkas (D:3)
  7 ball pythons
  6 bats
  2 frilled lizards (D:3)
  8 kobolds
  5 rats
86 creatures vanquished.

Notes
Turn   | Place    | Note
-------+----------+-------------------------------------------
     0 | D:1      | KristoblXynda the Draconian Conjurer began the quest for
                  | the Orb.
     0 | D:1      | Reached XP level 1. HP: 14/14 MP: 3/3
   903 | D:1      | Reached XP level 2. HP: 18/20 MP: 5/5
  1378 | D:2      | Reached XP level 3. HP: 21/26 MP: 6/6
  2000 | D:2      | Found a sparkling altar of Nemelex Xobeh.
  2513 | D:3      | Reached XP level 4. HP: 30/33 MP: 8/8
  2658 | D:3      | Found a shattered altar of Ashenzari.
  2666 | D:3      | Became a worshipper of Ashenzari the Shackled
  2766 | D:3      | Found a transporter.
  2775 | D:3      | Noticed DarthBeliar's ghost (amateur GrFi)
  3100 | D:3      | Found a transporter.
  3541 | D:4      | Noticed an ogre
  3556 | D:4      | Killed an ogre
  3556 | D:4      | Reached skill level 1 in Long Blades
  3556 | D:4      | Reached skill level 5 in Conjurations
  3556 | D:4      | Reached XP level 5. HP: 4/38 MP: 2/9
  3850 | D:4      | Noticed Natasha
  3860 | D:4      | Killed Natasha
  3886 | D:4      | Reached XP level 6. HP: 31/45 MP: 0/11
  4105 | D:4      | Noticed Natasha
  4107 | D:4      | Noticed Ijyb
  4110 | D:4      | Killed Natasha
  4129 | D:4      | Paralysed by Ijyb for 6 turns
  4139 | D:4      | Killed Ijyb
  4165 | D:4      | Learned a level 4 spell: Iskenderun's Mystic Blast
  4178 | D:4      | Noticed Robin
  4210 | D:4      | Killed Robin
  4511 | D:4      | Noticed Natasha
  4573 | D:4      | Noticed Pikel
  4584 | D:4      | Blown up by Pikel

Illustrated notes

Levels and vault maps discovered:
D:1:      nicolae_arrival_washed_ashore, layout_loops_corners,
          nrook_mini_backslash, lemuel_flame_loot_1
D:2:      layout_loops_ring, lemuel_coloured_pillars_altar
D:3:      layout_loops_ring, evilmike_ruin_ashenzari, gammafunk_ghost_mausoleum,
          minmay_misc_feat_chi, minmay_shallow_snake_nest
D:4:      layout_basic, uniq_robin, uniq_pikel, uniq_ijyb, uniq_natasha

Skill      XL: |  1  2  3  4  5  6 |
---------------+-------------------+-----
Stealth        | 2 |  2.0
Dodging        | 2 3 |  3.6
Spellcasting   | 3 |  3.8
Long Blades    | 1 2 |  2.4
Conjurations   | 5 |  5.4

Action                   |  1- 3 |  4- 6 || total
-------------------------+-------+-------++-------
Melee: Unarmed           |    26 |       ||    26
       Tailslap          |     3 |     9 ||    12
       Whip              |    19 |       ||    19
       Spear             |     8 |    22 ||    30
       Falchion          |       |    80 ||    80
       Long sword        |       |    13 ||    13
 Cast: Magic Dart        |    56 |    50 ||   106
Invok: Curse Item        |       |     1 ||     1
  Use: Scroll            |       |     7 ||     7
 Stab: Sleeping          |     1 |     1 ||     2
Armor: Skin              |    24 |    47 ||    71
Dodge: Dodged            |    40 |    92 ||   132
       Rpst.: Long sword |       |     3 ||     3
       Falchion          |       |    27 ||    27

Table legend: (Time is in decaauts)
 A = Elapsed time spent in this place.
 B = Non-inter-level travel time spent in this place.
 C = Inter-level travel time spent in this place.
 D = Time resting spent in this place.
 E = Time spent auto-exploring this place.
 F = Levels seen in this place.
 G = Mean time per level.
                   A        B        C        D        E       F      G
               +--------+--------+--------+--------+--------+-----+--------+
         Total |   4606 |   4498 |    108 |   1342 |   2434 |   4 | 1151.5 |
       Dungeon |   4606 |   4498 |    108 |   1342 |   2434 |   4 | 1151.5 |
               +--------+--------+--------+--------+--------+-----+--------+

Top non-repeatable levels by time:
     D:1: 1283 daAuts
     D:2: 1196 daAuts
     D:4: 1067 daAuts
     D:3: 1059 daAuts
